 Dungeon Crawl Stone Soup version 0.25.1-2-g60ff931df9 (webtiles) character file.

Game seed: 13722795449431404688

141557 pokeman the Sorcerer (level 16, -11/88 HPs)
             Began as a Deep Elf Wizard on Oct 9, 2020.
             Was the Champion of Vehumet.
             Mangled by a +6 eveningstar of draining (24 damage)
             ... on level 2 of the Elven Halls.
             The game lasted 02:23:13 (42353 turns).

pokeman the Sorcerer (Deep Elf Wizard)             Turns: 42353, Time: 02:23:14

Health: -11/88     AC: 19    Str: 11    XL:     16   Next: 78%
Magic:  10/52      EV: 13    Int: 31    God:    Vehumet [******]
Gold:   1598       SH: 12    Dex: 15    Spells: 16/57 levels left

rFire    . . .     SeeInvis +   F - +8 hand axe of Desertification {vorpal, rN+ Str+2 SInv}
rCold    + + +     Gourm    .   O - +2 buckler
rNeg     + + .     Faith    .   y - +2 leather armour {rPois}
rPois    +         Spirit   .   k - +2 helmet
rElec    .         Reflect  +   a - +2 cloak
rCorr    .         Harm     .   K - +2 pair of gloves "Ogiar" {+Blink rC+ rN+ Dex+2}
MR       +....                  Q - +2 pair of boots
Stlth    ++........             V - amulet of Todd {Reflect rC+ SH+5}
HPRegen  0.24/turn              l - ring of Jealousy {Wiz Str+5}
MPRegen  0.33/turn              L - ring of Emiaj {rC+ MP+9}

@: lightly drained
A: no striking features
a: Renounce Religion, Evoke Blink


You were on level 2 of the Elven Halls.
You worshipped Vehumet.
Vehumet was exalted by your worship.
You were very hungry.

You visited 5 branches of the dungeon, and saw 26 of its levels.
You visited the Abyss 1 time.

You collected 2508 gold pieces.
You spent 910 gold pieces at shops.

Inventory:

Hand Weapons
 q - the +7 hand crossbow "Dragonslayer" {penet, Dex+3}
   (You bought it in a shop on level 2 of the Orcish Mines)

   Ammo fired by it will pass through the targets it hits, potentially hitting
   all targets in its path until it reaches maximum range.
   It affects your dexterity (+3).
 F - the +8 hand axe of Desertification (weapon) {vorpal, rN+ Str+2 SInv}
   (You found it on level 4 of the Lair of Beasts)

   It inflicts extra damage upon your enemies.
   It affects your strength (+2).
   It protects you from negative energy.
   It lets you see invisible.
Missiles
 f - 208 bolts
Armour
 a - a +2 cloak (worn)
 k - a +2 helmet (worn)
 y - a +2 leather armour of poison resistance (worn)
 I - a +0 leather armour of cold resistance
 K - the +2 pair of gloves "Ogiar" (worn) {+Blink rC+ rN+ Dex+2}
   (You bought it in a shop on level 5 of the Dungeon)

   It affects your dexterity (+2).
   It protects you from cold.
   It protects you from negative energy.
   It lets you blink.
 O - a +2 buckler (worn)
 Q - a +2 pair of boots (worn)
 X - a +0 buckler of poison resistance
Jewellery
 e - an uncursed ring of protection from cold
 l - the ring of Jealousy (left hand) {Wiz Str+5}
   (You took it off a deep elf mage on level 2 of the Elven Halls)

   [ring of wizardry]

   It improves your spell success rate.
   It affects your strength (+5).
 p - an uncursed ring of flight
 r - a +4 ring of protection
 A - an uncursed ring of fire
 H - an uncursed amulet of regeneration
 L - the ring of Emiaj (right hand) {rC+ MP+9}
   (You bought it in a shop on level 2 of the Orcish Mines)

   [ring of magical power]

   It protects you from cold.
   It affects your magic capacity (+9).
 V - the amulet of Todd (around neck) {Reflect rC+ SH+5}
   (You found it on level 2 of the Elven Halls)

   [amulet of reflection]

   It shields you and reflects attacks.
   It protects you from cold.
   It affects your SH (+5).
Wands
 h - a wand of acid (23)
 n - a wand of random effects (19)
 t - a wand of digging (5)
 D - a wand of clouds (4)
 M - a wand of iceblast (35)
Scrolls
 b - 4 scrolls of fog
 c - 4 scrolls of remove curse
 g - 2 scrolls of amnesia
 i - 4 scrolls of fear {unknown}
 u - a scroll of random uselessness {unknown}
 v - 6 scrolls of teleportation
 x - 5 scrolls of vulnerability {unknown}
 B - 3 scrolls of enchant armour {unknown}
 C - 4 scrolls of noise {unknown}
 E - 3 scrolls of blinking {unknown}
 J - a scroll of torment {unknown}
 N - a scroll of immolation {unknown}
 P - a scroll of silence {unknown}
 R - 4 scrolls of holy word {unknown}
 T - a scroll of acquirement {unknown}
 W - 3 scrolls of magic mapping
Potions
 j - a potion of magic
 m - a potion of invisibility
 o - 10 potions of heal wounds
 s - 10 potions of curing
 w - a potion of resistance
 S - 3 potions of haste
Miscellaneous
 z - a phial of floods
 G - a box of beasts
Comestibles
 d - 32 rations


   Skills:
 + Level 6.0(5.6) Fighting
 - Level 7.0(6.6) Armour
 - Level 3.1(2.8) Dodging
 - Level 3.0(2.7) Stealth
 - Level 5.0(4.6) Shields
 * Level 21.4(20.8) Spellcasting
 * Level 18.3(17.8) Conjurations
 - Level 1.0(0.7) Charms
 - Level 1.1(0.7) Summonings
 - Level 1.1(0.7) Translocations
 + Level 13.3(12.8) Fire Magic
 - Level 1.0(0.7) Ice Magic
 - Level 1.1(0.8) Air Magic
 - Level 1.2(0.9) Earth Magic
 - Level 1.0(0.6) Poison Magic
 - Level 1.0(0.7) Evocations


You had 16 spell levels left.
You knew the following spells:

 Your Spells              Type           Power        Failure   Level  Hunger
a - Magic Dart            Conj           ####         0%          1    None
b - Mephitic Cloud        Conj/Pois/Air  ######..     1%          3    None
c - Call Imp              Summ           #####...     1%          2    None
d - Blink                 Tloc           N/A          1%          2    None
e - Conjure Flame         Conj/Fire      #######.     0%          3    None
f - Fireball              Conj/Fire      #######...   1%          5    None
g - Stone Arrow           Conj/Erth      ######       1%          3    None
h - Shock                 Conj/Air       ####         1%          1    None
i - Apportation           Tloc           #####.       1%          1    None
j - Summon Butterflies    Summ           #####...     1%          1    None
k - Swiftness             Chrm/Air       #####...     1%          2    None
l - Freezing Cloud        Conj/Ice/Air   ######....   1%          6    None
m - Starburst             Conj/Fire      #######...   1%          6    None
n - Bolt of Magma         Conj/Fire/Erth #######...   1%          5    None

Your spell library contained the following spells:

 Spells                   Type           Power        Failure   Level  Hunger
 Irradiate                Conj/Tmut      ######....   1%          5    None
 Searing Ray              Conj           ######       0%          2    None
 Beastly Appendage        Tmut           ####..       1%          1    None
 Freeze                   Ice            ####         1%          1    None
 Sandblast                Erth           #####.       1%          1    None
 Sting                    Tmut/Pois      ####         1%          1    None
 Summon Small Mammal      Summ           ####         1%          1    None
 Passwall                 Tmut/Erth      #####...     1%          2    None
 Poisonous Vapours        Pois/Air       #####.       1%          2    None
 Slow                     Hex            ####....     1%          2    None
 Sticks to Snakes         Tmut           ####....     1%          2    None
 Call Canine Familiar     Summ           #####...     1%          3    None
 Confusing Touch          Hex            ####....     1%          3    None
 Dazzling Flash           Conj/Hex       ######       1%          3    None
 Frozen Ramparts          Ice            #####.       1%          3    None
 Gell's Gravitas          Tloc           #####.....   1%          3    None
 Ignite Poison            Fire/Tmut/Pois ######..     1%          3    None
 Lesser Beckoning         Tloc           #####.....   1%          3    None
 Ozocubu's Armour         Chrm/Ice       #####...     1%          3    None
 Static Discharge         Conj/Air       ######..     1%          3    None
 Summon Guardian Golem    Hex/Summ       ####....     1%          3    None
 Tukima's Dance           Hex            ####....     1%          3    None
 Airstrike                Air            #####.....   1%          4    None
 Fulminant Prism          Conj/Hex       ######....   1%          4    None
 Hailstorm                Conj/Ice       ######..     1%          4    None
 Iskenderun's Mystic Bla  Conj/Tloc      ######..     1%          4    None
 Olgreb's Toxic Radiance  Pois           #####...     1%          4    None
 Lightning Bolt           Conj/Air       ######....   1%          5    None
 Lee's Rapid Deconstruct  Erth           #####.....   3%          5    None
 Ice Form                 Ice/Tmut       ####....     4%          4    None
 Petrify                  Tmut/Erth      #####...     4%          4    None
 Summon Ice Beast         Ice/Summ       #####...     4%          4    None
 Summon Lightning Spire   Summ/Air       #####...     4%          4    None
 Yara's Violent Unravell  Hex/Tmut       ####......   4%          5    None
 Ignition                 Fire           #######...   5%          8    #####..
 Alistair's Intoxication  Tmut/Pois      ####....     13%         5    None
 Metabolic Englaciation   Hex/Ice        ####......   13%         5    None
 Ring of Flames           Chrm/Fire      ######....   26%         7    ##.....
 Invisibility             Hex            ####....     61%         6    None
 Dragon Form              Tmut           ####......   98%         7    ##.....


Dungeon Overview and Level Annotations

Branches:
Dungeon (15/15)            Temple (1/1) D:4            Lair (6/6) D:11
 Shoals (0/4) Lair:3        Snake (0/4) Lair:2        Slime (0/5) Lair:5
    Orc (2/2) D:9             Elf (2/3) Orc:2        Vaults (0/5) D:14
 Depths (0/5) D:15

Altars:
Ashenzari
Cheibriados
Dithmenos
Elyvilon
Fedhas
Gozag
Hepliaklqana
Kikubaaqudgha
Makhleb
Nemelex Xobeh
Okawaru
Qazlal
Ru
Sif Muna
Trog
Uskayaw
Vehumet
Wu Jian
Xom
Yredelemnul
Zin
The Shining One
Jiyva

Shops:
D:5 **=   Orc:2 =*[(   Elf:1 [

Annotations:
D:3 2 runed translucent doors, Konebred's ghost, amateur DsEE
Lair:5 1 runed translucent door
Orc:2 2 runed translucent doors, exclusion: orange crystal statue


Message History

Casting: Bolt of Magma (safe; 1% risk of failure)
Confirm with . or Enter, or press ? or * to list all spells.
Aiming: Bolt of Magma (safe; 1% risk of failure)
Press: ? - help, Shift-Dir - straight line, f/p - +6 eveningstar of draining
Aim: a +6 eveningstar of draining (almost destroyed)
The bolt of magma misses the +6 eveningstar of draining.
The +6 eveningstar of draining hits you!!
You partially resist.
You feel drained.
The +6 eveningstar of draining hits you!!
* * * LOW HITPOINT WARNING * * *
You partially resist.
You feel drained.
* * * LOW HITPOINT WARNING * * *
Casting: Bolt of Magma (safe; 1% risk of failure)
Confirm with . or Enter, or press ? or * to list all spells.
Aiming: Bolt of Magma (safe; 1% risk of failure)
Press: ? - help, Shift-Dir - straight line, f/p - +6 eveningstar of draining
Aim: a +6 eveningstar of draining (almost destroyed)
The bolt of magma misses the +6 eveningstar of draining.
The +6 eveningstar of draining hits you!!
You die...

##### ### ### ##
##...####.####.## #.##
#.....##...##...##.).##.
........................
.........#......).......
........###.....@(.....#
.(.....## ##..........##
........###...........#
.........#.............#
.......................#
........................
........................
........................
....................


You could see a +6 eveningstar of draining.

Vanquished Creatures
  A deep elf blademaster (Elf:2)
  A deep elf sorcerer (Elf:2)
  An orc warlord (Orc:2)
  2 deep elf annihilators (Elf:1)
  A fire dragon (Lair:6)
  Erolcha (D:10)
  8 hydras
  2 centaur warriors
  Erica (D:8)
  A catoblepas (D:14)
  Harold (D:11)
  23 dancing weapons
  4 two-headed ogres
  7 death yaks
  An ogre mage (D:15)
  A tengu warrior (D:13)
  4 orc high priests (Orc:2)
  15 deep elf knights
  Nergalle (D:10)
  A fire crab (Lair:6)
  A sixfirhy (Abyss:2)
  2 unseen horrors (shapeshifter) (D:15)
  8 unseen horrors
  A wizard (D:14)
  5 orc knights
  Pikel (D:6)
  19 deep elf archers
  7 ugly things
  45 deep elf magi
  4 orc sorcerers
  4 oklob plants (Lair:2)
  3 manticores
  5 centaur zombies
  A cyclops (D:12)
  5 black mambas
  Joseph (D:7)
  2 smoke demons
  3 molten gargoyles (Lair:6)
  Psyche (D:8)
  A torpor snail (Lair:6)
  11 spiny frogs
  2 centaur skeletons
  2 kobold demonologists (D:15)
  4 gargoyles
  A rime drake (Lair:3)
  9 komodo dragons
  2 tengu conjurers
  An efreet (D:15)
  A troll (shapeshifter) (D:13)
  3 polar bears
  A meliai (D:15)
  4 trolls
  A wind drake (shapeshifter) (D:15)
  10 blink frogs
  Grinder (D:3)
  A hornet (D:13)
  10 slime creatures
  5 hippogriffs
  An air elemental (Elf:2)
  A centaur simulacrum (D:14)
  Sigmund (D:5)
  A spriggan (D:7)
  A wraith (D:15)
  A ynoxinul (Abyss:2)
  A vampire (D:11)
  5 water elementals
  A tarantella (shapeshifter) (D:15)
  Eustachio (D:4)
  2 shadows
  7 wyverns
  2 fire elementals (Elf:1)
  31 yaks
  A fire bat (shapeshifter) (Elf:2)
  4 hungry ghosts
  A golden eye (shapeshifter) (D:15)
  5 basilisks
  A steam dragon (Lair:6)
  5 vampire mosquitoes
  5 wargs
  10 water moccasins
  5 porcupines
  5 hell hounds (Lair:6)
  A hornet zombie (D:15)
  3 sky beasts
  33 orc warriors
  4 slaves (D:6)
  4 phantoms
  5 black bears
  5 boggarts (D:15)
  5 ice beasts
  21 wolves
  12 ogres
  11 crocodiles
  5 centaurs
  Blork the orc (D:6)
  4 big kobolds
  13 bullfrogs
  A wyvern zombie (D:8)
  An earth elemental (Elf:1)
  A gnoll sergeant (D:6)
  A wyvern skeleton (D:7)
  A hornet simulacrum (D:14)
  4 scorpions
  8 killer bees
  4 electric eels
  4 wights (D:6)
  11 crimson imps
  5 lava snakes (Lair:6)
  4 hounds
  2 bullfrog zombies
  A quasit (D:12)
  A bullfrog skeleton (D:12)
  4 jellies
  27 orc priests
  A wyvern simulacrum (D:14)
  Crazy Yiuf (D:3)
  Terence (D:2)
  9 worker ants
  An iguana (D:8)
  29 orc wizards
  2 hound skeletons (D:4)
  15 adders
  13 gnolls
  A howler monkey skeleton (D:4)
  3 shadow imps
  5 white imps
  An ufetubus (D:14)
  An ooze (D:5)
  An adder zombie (D:9)
  3 adder skeletons
  2 worms
  2 dart slugs
  4 leopard geckos
  90 orcs
  2 ball pythons (D:3)
  5 giant cockroaches
  12 goblins
  7 hobgoblins
  10 jackals
  6 quokkas
  5 bats
  7 frilled lizards
  23 kobolds
  A leopard gecko skeleton (D:8)
  2 quokka skeletons
  3 rats
  5 plants
843 creatures vanquished.

Vanquished Creatures (collateral kills)
  A killer bee (D:9)
  An orc (D:3)
2 creatures vanquished.

Vanquished Creatures (others)
  2 fungi (Lair:6)
  49 plants
  5 starspawn tentacles (Abyss:2)
56 creatures vanquished.

Grand Total: 901 creatures vanquished

Notes
Turn   | Place    | Note
-------+----------+-------------------------------------------
     0 | D:1      | pokeman the Deep Elf Wizard began the quest for the Orb.
     0 | D:1      | Reached XP level 1. HP: 10/10 MP: 7/7
   353 | D:1      | Reached XP level 2. HP: 16/16 MP: 5/9
  1246 | D:2      | Reached skill level 5 in Spellcasting
  1372 | D:2      | Reached XP level 3. HP: 20/20 MP: 3/11
  1377 | D:2      | Learned a level 3 spell: Mephitic Cloud
  1380 | D:2      | Learned a level 2 spell: Call Imp
  1383 | D:2      | Learned a level 2 spell: Blink
  1387 | D:2      | Learned a level 3 spell: Conjure Flame
  1656 | D:2      | Reached skill level 1 in Armour
  1794 | D:2      | Reached skill level 1 in Fighting
  2129 | D:2      | Reached XP level 4. HP: 23/25 MP: 7/13
  2180 | D:2      | Noticed Terence
  2540 | D:2      | Killed Terence
  2880 | D:2      | Reached skill level 1 in Poison Magic
  3341 | D:3      | Noticed Grinder
  3344 | D:3      | Paralysed by Grinder for 6 turns
  3561 | D:3      | Found a large runed translucent door.
  3566 | D:3      | Found a large runed translucent door.
  3599 | D:3      | Reached skill level 6 in Spellcasting
  3599 | D:3      | Reached skill level 1 in Air Magic
  3599 | D:3      | Reached XP level 5. HP: 29/29 MP: 1/15
  3789 | D:3      | Found a snail-covered altar of Cheibriados.
  3793 | D:3      | Paralysed by Grinder for 5 turns
  3800 | D:3      | Paralysed by Grinder for 2 turns
  3822 | D:3      | Paralysed by Grinder for 4 turns
  4497 | D:3      | Reached skill level 1 in Fire Magic
  4751 | D:3      | Found a runed translucent door.
  4752 | D:3      | Noticed Crazy Yiuf
  4978 | D:3      | Paralysed by Grinder for 2 turns
  4989 | D:3      | Paralysed by Grinder for 4 turns
  5167 | D:3      | Noticed Konebred's ghost (amateur DsEE)
  5182 | D:3      | Paralysed by Grinder for 4 turns
  5188 | D:3      | Killed Grinder
  5188 | D:3      | Reached XP level 6. HP: 30/34 MP: 4/17
  5328 | D:3      | Killed Crazy Yiuf
  5542 | D:4      | Reached skill level 7 in Spellcasting
  5597 | D:4      | Noticed Eustachio
  5639 | D:4      | Killed Eustachio
  5639 | D:4      | Reached XP level 7. HP: 28/38 MP: 3/19
  6240 | D:4      | Found a sparkling altar of Nemelex Xobeh.
  6336 | D:4      | Reached skill level 5 in Conjurations
  6443 | D:4      | Found a stormy altar of Qazlal.
  6628 | D:4      | Found a sparkling altar of Nemelex Xobeh.
  6726 | D:4      | Reached skill level 8 in Spellcasting
  7139 | D:4      | Found a staircase to the Ecumenical Temple.
  7148 | Temple   | Entered the Ecumenical Temple
  7289 | Temple   | Became a worshipper of Vehumet
  7409 | D:5      | Entered Level 5 of the Dungeon
  7600 | D:5      | Noticed a hungry ghost
  7672 | D:5      | Killed a hungry ghost
  7672 | D:5      | Reached XP level 8. HP: 44/44 MP: 0/22
  7829 | D:5      | Found Iloqus's Assorted Antiques.
  7841 | D:5      | Noticed Sigmund
  7868 | D:5      | Killed Sigmund
  8006 | D:5      | Reached skill level 9 in Spellcasting
  8423 | D:5      | Found a glowing golden altar of the Shining One.
  8432 | D:5      | Found a basalt altar of Yredelemnul.
  8434 | D:5      | Noticed a profane servitor
  8440 | D:5      | Noticed an angel
  8483 | D:5      | Found Veytt's General Store.
  8558 | D:5      | Found Dareun's Jewellery Boutique.
  9075 | D:6      | Noticed Pikel
  9105 | D:6      | Killed Pikel
  9105 | D:6      | Reached skill level 10 in Spellcasting
  9105 | D:6      | Reached XP level 9. HP: 38/48 MP: 13/25
  9597 | D:6      | Reached * piety under Vehumet
  9597 | D:6      | Offered knowledge of Sandblast by Vehumet.
  9633 | D:6      | Noticed Blork the orc
  9655 | D:6      | Killed Blork the orc
  9825 | D:6      | Found a hazy altar of Hepliaklqana.
 10274 | D:6      | Found a hide-covered altar of Uskayaw.
 10344 | D:7      | Found an opulent altar of Gozag.
 10432 | D:7      | Noticed Joseph
 10451 | D:7      | Reached skill level 5 in Fire Magic
 10451 | D:7      | Reached skill level 1 in Evocations
 10724 | D:7      | Learned a level 3 spell: Stone Arrow
 10728 | D:7      | Killed Joseph
 10728 | D:7      | Reached skill level 11 in Spellcasting
 10732 | D:7      | Reached ** piety under Vehumet
 10732 | D:7      | Offered knowledge of Searing Ray by Vehumet.
 10964 | D:7      | Found an iron altar of Okawaru.
 11146 | D:7      | Found a shattered altar of Ashenzari.
 11176 | D:7      | Found a blossoming altar of Fedhas.
 11291 | D:7      | Found a bloodstained altar of Trog.
 11465 | D:8      | Learned a level 2 spell: Swiftness
 11467 | D:8      | Learned a level 1 spell: Shock
 11586 | D:8      | Noticed Erica
 11739 | D:8      | Killed Erica
 11739 | D:8      | Reached skill level 1 in Earth Magic
 11739 | D:8      | Reached XP level 10. HP: 45/56 MP: 23/27
 12127 | D:5      | Bought a pair of faintly glowing gloves for 247 gold pieces
 12139 | D:5      | Identified the +2 pair of gloves "Ogiar" {+Blink rC+ rN+
                  | Dex+2} (You bought it in a shop on level 5 of the Dungeon)
 12182 | D:8      | Noticed Psyche
 12188 | D:8      | Killed Psyche
 12188 | D:8      | Reached skill level 12 in Spellcasting
 12734 | D:9      | Reached skill level 10 in Conjurations
 12928 | D:9      | Found a staircase to the Orcish Mines.
 13985 | D:10     | Entered Level 10 of the Dungeon
 14041 | D:10     | Reached skill level 1 in Charms
 14207 | D:10     | Killed an unseen horror
 14315 | D:10     | Offered knowledge of Inner Flame by Vehumet.
 14361 | D:10     | Killed an unseen horror
 14361 | D:10     | Reached skill level 13 in Spellcasting
 14361 | D:10     | Reached XP level 11. HP: 52/61 MP: 18/30
 14587 | D:10     | Reached *** piety under Vehumet
 14677 | D:10     | Identified the cursed +0 robe of Pride {rElec Str+2 Dex-3
                  | Slay+6}
 14919 | D:10     | Killed an unseen horror
 15229 | D:10     | Noticed Nergalle
 15249 | D:10     | Killed Nergalle
 15596 | D:11     | Offered knowledge of Iskenderun's Mystic Blast by Vehumet.
 15748 | D:11     | Found a staircase to the Lair.
 15750 | D:11     | Noticed a death yak
 15750 | D:11     | Noticed a death yak
 15750 | D:11     | Noticed a death yak
 15750 | D:11     | Noticed a death yak
 15750 | D:11     | Noticed a death yak
 15750 | D:11     | Noticed a death yak
 15751 | D:11     | Noticed a death yak
 15841 | D:10     | Killed a death yak
 15952 | D:10     | Killed a death yak
 16083 | D:10     | Killed a death yak
 16083 | D:10     | Reached skill level 1 in Shields
 16083 | D:10     | Reached skill level 14 in Spellcasting
 16227 | D:10     | Killed a death yak
 16324 | D:10     | Killed a death yak
 16433 | D:11     | Killed an unseen horror
 16571 | D:11     | Noticed an eight-headed hydra
 16579 | D:11     | Killed an eight-headed hydra
 16721 | D:11     | Noticed Harold
 16758 | D:11     | Killed Harold
 16758 | D:11     | Reached XP level 12. HP: 66/66 MP: 10/32
 17152 | D:11     | Reached **** piety under Vehumet
 17311 | D:11     | Killed a death yak
 17314 | D:11     | Killed a death yak
 17314 | D:11     | Reached skill level 15 in Spellcasting
 17892 | D:10     | Noticed Erolcha
 17895 | D:10     | Cast into level 2 of the Abyss (Erolcha)
 17973 | Abyss:2  | Noticed a tentacled starspawn
 17995 | Abyss:2  | Noticed a starcursed mass
 18031 | Abyss:2  | Noticed a tentacled starspawn
 18036 | Abyss:2  | Noticed a tentacled starspawn
 18146 | Abyss:2  | Noticed a starcursed mass
 18170 | Abyss:2  | Offered knowledge of Fulminant Prism by Vehumet.
 18221 | D:10     | Escaped the Abyss
 18439 | D:10     | Killed Erolcha
 18544 | Lair:1   | Entered Level 1 of the Lair of Beasts
 19795 | Lair:1   | Learned a level 1 spell: Apportation
 19797 | Lair:1   | Learned a level 1 spell: Summon Butterflies
 20141 | Lair:2   | Found a staircase to the Snake Pit.
 20394 | Lair:2   | Reached skill level 16 in Spellcasting
 21400 | Lair:2   | Reached XP level 13. HP: 70/70 MP: 11/35
 21656 | Lair:3   | Found a staircase to the Shoals.
 22647 | Lair:4   | Got a jewelled hand axe
 22653 | Lair:4   | Identified the +8 hand axe of Desertification {vorpal, rN+
                  | Str+2 SInv} (You found it on level 4 of the Lair of Beasts)
 23077 | Lair:4   | Reached ***** piety under Vehumet
 23226 | Lair:4   | Offered knowledge of Bolt of Magma by Vehumet.
 23601 | Lair:5   | Reached skill level 10 in Fire Magic
 23802 | Lair:5   | Found a runed translucent door.
 23802 | Lair:5   | Found a viscous altar of Jiyva.
 23802 | Lair:5   | Found a staircase to the Slime Pits.
 23802 | Lair:5   | Noticed an azure jelly
 23802 | Lair:5   | Noticed an azure jelly
 23971 | Lair:5   | Reached skill level 5 in Shields
 24385 | Lair:5   | Learned a level 5 spell: Bolt of Magma
 24449 | Lair:6   | Entered Level 6 of the Lair of Beasts
 24553 | Lair:6   | Reached skill level 17 in Spellcasting
 26420 | Lair:6   | Reached XP level 14. HP: 46/76 MP: 23/37
 26545 | Lair:6   | Found a large runed translucent door.
 26576 | Lair:6   | Found a large runed translucent door.
 26784 | Lair:6   | Identified the Almanac of Changing
 27585 | D:12     | Got a pair of jewelled gloves
 27596 | D:12     | Identified the +2 pair of gloves of Space {-Cast +Inv Int-5
                  | SInv} (You found it on level 12 of the Dungeon)
 27629 | D:12     | Offered knowledge of Ozocubu's Refrigeration by Vehumet.
 27684 | D:12     | Reached skill level 15 in Conjurations
 27753 | D:12     | Reached skill level 5 in Fighting
 28676 | D:13     | Reached skill level 18 in Spellcasting
 30149 | D:13     | Got a pitted mace
 30150 | D:13     | Identified the cursed +0 mace "Killer Klown's Peril"
                  | {vorpal, MR+ Int+4 SInv} (You found it on level 13 of the
                  | Dungeon)
 30207 | D:14     | Found a shattered altar of Ashenzari.
 30211 | D:14     | Got an encrusted war axe
 30325 | D:14     | Found a gate to the Vaults.
 30854 | D:14     | Reached skill level 5 in Armour
 31265 | D:15     | Entered Level 15 of the Dungeon
 32017 | D:15     | Reached skill level 19 in Spellcasting
 32669 | Temple   | Identified the +7 war axe of Springtime {freeze, +Fly} (You
                  | found it on level 14 of the Dungeon)
 33137 | D:15     | Reached XP level 15. HP: 82/82 MP: 35/40
 34108 | D:15     | Found a staircase to the Depths.
 34269 | Orc:1    | Entered Level 1 of the Orcish Mines
 34878 | Orc:2    | Entered Level 2 of the Orcish Mines
 35102 | Orc:2    | Offered knowledge of Freezing Cloud by Vehumet.
 35116 | Orc:2    | Learned a level 6 spell: Freezing Cloud
 35498 | Orc:2    | Found a runed translucent door.
 35504 | Orc:2    | Found the +10 tower shield of Ignorance {rN+ Int-4}
 35520 | Orc:2    | Found a runed translucent door.
 35788 | Orc:2    | Found a staircase to the Elven Halls.
 35977 | Orc:2    | Reached skill level 1 in Ice Magic
 36003 | Orc:2    | Noticed an orc warlord
 36150 | Orc:2    | Killed an orc warlord
 37252 | Orc:2    | Found Laoshyor's Antique Armour Shoppe.
 37253 | Orc:2    | Found Goifec's Antique Weapon Emporium.
 37254 | Orc:2    | Found Lireo's General Store.
 37254 | Orc:2    | Found Palias's Jewellery Shoppe.
 37269 | Orc:2    | Bought a masterwork hand crossbow for 221 gold pieces
 37279 | Orc:2    | Bought the ring of Emiaj {rC+ MP+9} for 442 gold pieces
 37283 | Orc:2    | Identified the +7 hand crossbow "Dragonslayer" {penet,
                  | Dex+3} (You bought it in a shop on level 2 of the Orcish
                  | Mines)
 37410 | Elf:1    | Entered Level 1 of the Elven Halls
 37467 | Elf:1    | Found a radiant altar of Vehumet.
 37793 | Elf:1    | Offered knowledge of Starburst by Vehumet.
 37804 | Elf:1    | Learned a level 6 spell: Starburst
 37995 | Elf:1    | Reached skill level 20 in Spellcasting
 38642 | Elf:1    | Reached XP level 16. HP: 87/87 MP: 34/42
 39050 | Elf:1    | Found Omil's Armour Shop.
 39086 | Elf:1    | Identified the Papyrus of Combat Magic
 39966 | Elf:2    | Found a runed translucent gate.
 39976 | Elf:2    | Found a runed translucent gate.
 40173 | Elf:2    | Identified the ring of Jealousy {Wiz Str+5}
 40318 | Elf:2    | Found a runed translucent gate.
 40674 | Elf:2    | Got a warped ruby amulet
 40676 | Elf:2    | Identified the amulet of Todd {Reflect rC+ SH+5} (You found
                  | it on level 2 of the Elven Halls)
 40794 | Elf:2    | Learned a level 5 spell: Fireball
 40873 | Elf:2    | Reached skill level 21 in Spellcasting
 41170 | Elf:2    | Noticed a deep elf blademaster
 41571 | Elf:2    | Killed a deep elf blademaster
 41711 | Elf:2    | Reached ****** piety under Vehumet
 42122 | Elf:2    | Offered knowledge of Irradiate by Vehumet.
 42353 | Elf:2    | Mangled by a +6 eveningstar of draining

Illustrated notes

Levels and vault maps discovered:
D:1:      sevenhm_arrival_forest_fort_large_2, layout_basic,
          minmay_misc_feat_cross, kennysheep_doodads, serial_bayou_pond_d
D:2:      layout_basic, minmay_pentomino_q2, uniq_terence
D:3:      layout_basic, kennysheep_slug_shrine, first_ration,
          ebering_ghost_disaster_area, uniq_grinder, uniq_crazy_yiuf_cottage
D:4:      layout_basic, lemuel_round_altar, nicolae_qazlal_eye_of_the_storm,
          lemuel_temple_firewalk_b, nemelex_diamond_rough_becter, uniq_eustachio
D:5:      layout_basic, grunt_temple_overflow_holy_war, serial_shops, shop,
          nicolae_shop_overgrown_old_shop, shop, uniq_sigmund
D:6:      layout_rooms, kennysheep_mini_moat, nicolae_overflow_crystal_walls,
          uniq_blork_the_orc, uniq_pikel
D:7:      layout_cave_pools, trog_ov_bears_minmay, okawaru_trees_1,
          ashenzari_conservatory_becter, lemuel_doored_altar, the_bakery,
          grunt_gozag_breadcrumbs, uniq_joseph
D:8:      layout_basic, sigmund_army, uniq_psyche, uniq_erica
D:9:      layout_layer_cave, orc_0_dummy, st_stairs_8
D:10:     layout_basic, uniq_erolcha, uniq_nergalle
D:11:     layout_basic, dpeg_lair_monsters, uniq_harold
D:12:     layout_roguey
D:13:     layout_loops_corners
D:14:     layout_irregular_city, erik_vaults_1, ashenzari_altar_1, serial_ice,
          serial_ice_k, serial_ice_c, serial_ice_g, serial_ice_d, serial_ice_b
D:15:     gammafunk_enter_depths_forms, layout_cave_pools, serial_bayou,
          serial_bayou_pond_b, serial_bayou_crossing, serial_bayou_ford_a,
          serial_bayou_pond_d, minmay_misc_feat_tiny
Temple:   minmay_temple_curvy_loop
Lair:1:   layout_gridlike
Lair:2:   layout_chaotic_city, dummy_snake_entry,
          chequers_serial_rivers_small_a, beast_lair_carwin_11,
          minmay_lair_oklob_chamber, lemuel_fruit_tree, serial_bayou_shore_b
Lair:3:   layout_misc_corridors, elwin_shoals_entry_rocks
Lair:4:   layout_gridlike
Lair:5:   layout_loops_ring, slime_altar_2, grunt_megastairs_3
Lair:6:   cheibrodos_lair_end_hotspot, layout_hall_layers, minivault_23,
          serial_bayou_lagoon_a
Orc:1:    layout_diamond_mine
Orc:2:    st_orc_congregation, layout_diamond_mine,
          chequers_guarded_unrand_ignorance
Elf:1:    eino_elf_arrival_altar, layout_geoelf_grid, serial_shops,
          nicolae_shop_statue_plus, minmay_elf_annihilation
Elf:2:    layout_onion_city, st_stairs_6

Skill      XL: |  1  2  3  4  5  6  7  8  9 10 11 12 13 14 15 16 |
---------------+-------------------------------------------------+-----
Spellcasting   | 5 6 7 8 10 11 13 14 16 17 19 20 21 | 21.4
Armour         | 1 2 3 4 5 6 7 |  7.0
Fighting       | 1 2 3 4 5 6 |  6.0
Conjurations   | 2 4 5 7 9 10 12 13 14 16 17 18 | 18.3
Poison Magic   | 1 |  1.0
Air Magic      | 1 |  1.1
Fire Magic     | 1 2 4 5 6 8 9 10 11 12 13 | 13.3
Dodging        | 3 |  3.1
Stealth        | 3 |  3.0
Evocations     | 1 |  1.0
Earth Magic    | 1 |  1.2
Charms         | 1 |  1.0
Shields        | 2 4 5 |  5.0
Ice Magic      | 1 |  1.0
Summonings     | |  1.1
Translocations | |  1.1

Action                   |  1- 3 |  4- 6 |  7- 9 | 10-12 | 13-15 | 16-18 || total
-------------------------+-------+-------+-------+-------+-------+-------++-------
Melee: Dagger            |       |    18 |       |       |       |       ||    18
       Flail             |       |    13 |    39 |       |       |       ||    52
       Spear             |       |       |    71 |    84 |     8 |       ||   163
       Whip              |       |       |    14 |       |       |       ||    14
       Hand axe          |       |       |       |       |    97 |       ||    97
 Cast: Magic Dart        |    83 |   124 |   283 |    83 |    52 |       ||   625
       Conjure Flame     |       |     6 |    19 |    40 |    19 |       ||    84
       Mephitic Cloud    |       |     8 |    30 |    36 |    23 |     3 ||   100
       Call Imp          |       |     7 |     3 |    16 |     6 |       ||    32
       Blink             |       |     3 |       |     4 |     2 |     5 ||    14
       Stone Arrow       |       |       |    21 |   258 |   208 |     4 ||   491
       Swiftness         |       |       |       |     1 |     1 |     1 ||     3
       Shock             |       |       |       |    39 |     1 |       ||    40
       Bolt of Magma     |       |       |       |       |   451 |   116 ||   567
       Freezing Cloud    |       |       |       |       |     8 |     9 ||    17
       Starburst         |       |       |       |       |     1 |       ||     1
       Fireball          |       |       |       |       |       |    33 ||    33
Evoke: Wand              |       |       |       |     1 |     8 |       ||     9
  Use: Scroll            |       |       |       |    13 |    11 |     1 ||    25
       Potion            |       |       |       |     2 |       |       ||     2
 Stab: Confused          |       |     2 |    15 |     6 |     9 |       ||    32
  Eat: Chunk             |     3 |    11 |    16 |    25 |    46 |    10 ||   111
       Ration            |       |       |     1 |     1 |     2 |       ||     4
Armor: Robe              |     1 |       |       |       |       |       ||     1
       Leather armour    |     5 |    13 |    62 |    91 |   132 |    12 ||   315
Dodge: Dodged            |    21 |    28 |   106 |   160 |   160 |    24 ||   499
Block: Buckler           |       |       |       |     9 |   118 |    25 ||   152
       Reflection        |       |       |       |       |       |     2 ||     2
